 Dungeon Crawl Stone Soup version 0.19.0-19-g8c6edcc (webtiles) character file.

27 GlenndL the Conjurer (level 2, 0/20 HPs)
             Began as a Draconian Conjurer on Nov 13, 2016.
             Slain by a jackal (1 damage)
             ... on level 1 of the Dungeon.
             The game lasted 00:05:47 (592 turns).

GlenndL the Conjurer (Draconian Conjurer)            Turns: 592, Time: 00:05:48

Health: 0/20       AC:  4    Str: 10    XL:     2   Next: 93%
Magic:  0/5        EV: 11    Int: 20    God:
Gold:   21         SH:  3    Dex: 11    Spells: 2 memorised, 2 levels left

rFire  . . .     SeeInvis .     c - +0 short sword
rCold  . . .     Gourm    .     (armour unavailable)
rNeg   . . .     Faith    .     g - +0 buckler
rPois  .         Spirit   .     (helmet restricted)
rElec  .         Reflect  .     (no cloak)
rCorr  .         Harm     .     (no gloves)
MR     .....                    (no boots)
Stlth  ++........               (no amulet)
                                (no ring)
                                (no ring)

@: brilliant, very slightly contaminated
A: unfitting armour, cold-blooded, AC +4
a: no special abilities


You were on level 1 of the Dungeon.
You were not hungry.

You visited 1 branch of the dungeon, and saw 1 of its levels.

You collected 21 gold pieces.

Inventory:

Hand Weapons
 c - a +0 short sword (weapon)
 e - a +0 club
Missiles
 f - 20 stones (quivered)
Armour
 g - a +0 buckler (worn)
Scrolls
 d - a scroll of immolation {unknown}
 h - a scroll of identify {unknown}
Books
 a - a book of Conjurations

   Spells                             Type                      Level
   a - Magic Dart                     Conjuration                  1
   b - Searing Ray                    Conjuration                  2
   c - Dazzling Spray                 Conjuration/Hexes            3
   d - Fulminant Prism                Conjuration/Hexes            4
   e - Iskenderun's Mystic Blast      Conjuration                  4
   f - Iskenderun's Battlesphere      Conjuration/Charms           5
Comestibles
 b - a bread ration


   Skills:
 * Level 0.6 Short Blades
 + Level 2.1 Dodging
 + Level 1.7 Stealth
 - Level 0.4 Unarmed Combat
 + Level 2.0 Spellcasting
 + Level 4.5 Conjurations


You had 2 spell levels left.
You knew the following spells:

 Your Spells              Type           Power        Failure   Level  Hunger
a - Magic Dart            Conj           ####         1%          1    #......
b - Searing Ray           Conj           ####..       1%          2    ##.....


Dungeon Overview and Level Annotations

Branches:
Dungeon (1/15)

Altars:


Innate Abilities, Weirdness & Mutations

Your plain brown scales are hard. (AC +4)
You cannot fit into any form of body armour.
You are cold-blooded and may be slowed by cold attacks.


Message History

You closely miss the jackal.
The jackal barks!
You block the jackal's attack. The kobold barely misses you.
The jackal misses you.
The jackal bites you but does no damage.
The kobold hits you.
* * * LOW HITPOINT WARNING * * *
The jackal misses you.
You closely miss the kobold. You tail-slap the kobold.
You kill the kobold!
The jackal closely misses you. The jackal bites you.
* * * LOW HITPOINT WARNING * * *
You closely miss the jackal.
The jackal bites you but does no damage.
The jackal barely misses you. x2; The jackal bites you.
* * * LOW HITPOINT WARNING * * *
You hit the jackal.
You kill the jackal!
The jackal barely misses you. The jackal bites you.
You die...

#############
#.........(.#
#.#########.# #.#
######.######
#.####............
#)†....####.#####.
#@†##### .........
#hh# #.#..##....
.g... .. ...##.###
#...#.## ###.##.
#....... ..##
#......## ###
..#..... #. ....##


You could see 2 jackals and a hobgoblin.

Vanquished Creatures
  An ooze (D:1)
  A dart slug (D:1)
  2 bats (D:1)
  4 hobgoblins (D:1)
  2 jackals (D:1)
  2 goblins (D:1)
  A kobold (D:1)
  8 rats (D:1)
21 creatures vanquished.

Notes
Turn   | Place    | Note
-------+----------+-------------------------------------------
     0 | D:1      | GlenndL the Draconian Conjurer began the quest for the Orb.
     0 | D:1      | Reached XP level 1. HP: 14/14 MP: 3/3
   229 | D:1      | Reached XP level 2. HP: 20/20 MP: 1/5
   356 | D:1      | Learned a level 2 spell: Searing Ray
   591 | D:1      | HP: 1/20 [jackal (1)]
   592 | D:1      | Slain by a jackal

Skill      XL: |  1  2 |
---------------+-------+-----
Dodging        | 2 |  2.1
Short Blades   | |  0.6
Stealth        | |  1.7
Unarmed Combat | |  0.4
Spellcasting   | |  2.0
Conjurations   | |  4.5

Action                   || total
-------------------------++-------
Melee: Unarmed           ||    20
       Tailslap          ||     6
       Short sword       ||    37
 Cast: Magic Dart        ||    23
       Searing Ray       ||     1
  Use: Potion            ||     1
 Stab: Sleeping          ||     1
Armor: Skin              ||    18
Dodge: Dodged            ||    67
Block: Buckler           ||     5
